cohdb
Replays
Latest Replays
All Replays
Popular Replays
Top Player Replays
Match Explorer
How It Works
Community
CoH3 Stats
Reddit
Sign in to upload your games and track your stats! →
Sign in with Steam
Match 41227897
Unlisted
Match 41227897
Overview
Messages
Build Orders
End
Kradschützen Motorcycle Team
Selects Italian Combined Arms Battlegroup
Selects Bersaglieri Squad
Panzergrenadier Squad
Bersaglieri Squad
Construct Light Support Kompanie
2.5-tonne Medical Truck
Panzergrenadier Squad
Selects Bersaglieri Bolster
Fire Support Elements
Bersaglieri Squad
Construct Panzerarmee Kommand
Selects Semovente da 75/18 Assault Gun
Selects Breda Model 30 Light Machine Guns
Kradschützen Motorcycle Team
Kradschützen Motorcycle Team
Bersaglieri Squad
Panzer III L Medium Tank
Selects Strafing Run
Kradschützen Motorcycle Team
Rapid Advance
Pak 38 Anti-tank Gun Team
Selects Artillery Cover
Hacsan
只愛❤毛妹
0
0
Comments
sign in to comment!
No comments posted yet!